Workbook
Name FrequencyList: '[1]Report Form'!$F$4:$F$8
Name PeriodList: '[1]Report Form'!$E$4:$E$76

Sheet شركات التمويل الأصغر
B3: إحصاءات الشركات المالية الأخرى | C3: رقم الجدول .Table No | D3: Statistics of Other Financial Corporations
B6: شركات التمويل الأصغر | D6: Microfinance Companies
B7: مؤشرات شركات التمويل الأصغر المرخصة................................................................................................. | C7: 45 | D7: Finance Companies Indicators...............................................................................................................
B8: عدد فروع ومكاتب تسويق شركات التمويل الأصغر حسب المحافظات................................................................................................. | C8: 46 | D8: Numbers of Branches and Marketing Offices of Microfinance Companies By Governorate.................................................................................................
B9: الميزانية الموحدة لشركات التمويل الأصغر المرخصة................................................................................................. | C9: 47 | D9: Balance Sheet for Finance Companies.................................................................................................
B10: التوزيع القطاعي لمحفظة قروض/تمويلات قطاع التمويل الأصغر......................................................................................................................................................................... | C10: 48 | D10: Sectorial Distribution of Loan Portfolio for Microfinance Sector.................................................................................................

Sheet 45
B2: Financial Sector Statistics | D2: جدول (45) Table | M2: إحصاءات القطاع المالي
H3: البيانات والمؤشرات المالية لقطاع التمويل الأصغر
H4: Financial Data and Indicators for Microfinance Sector | N4: بالمليون دينار، والنسب المئوية JD million, and Percent
C6: البيانات المالية Financial Data | J6: مؤشرات الربحية Profitability | L6: جودة محفظة القروض/ التمويلات Loans Quality
C7: إجمالي الموجودات Total Assets | D7: إجمالي محفظة القروض/التمويلات Gross Loan Portfolio | E7: نقد في الصندوق ولدى البنوك Cash and balances with banks | F7: الأموال المقترضة Borrowed Funds | G7: حقوق الملكية Total Equity | H7: الربح (الخسارة) قبل الضريبة Profit (Loss) before tax | I7: صافي الربح (الخسارة) بعد الضريبة Net Profit (Loss) after tax | J7: نسبة العائد على الموجودات Return on Assets (ROA) | K7: نسبة العائد على حقوق الملكية Return on Equity (ROE) | L7: نسبة المحفظة في خطر (PAR) لأكثر من (30) يوم Portfolio at Risk Days(30) (PAR) | M7: نسبة القروض المعدومة Write-off Ratio | N7: نسبة تغطية المخاطر Risk Coverage Ratio
B8: الفترة Period
B9: 2020 | C9: ='47'!C13 -> 300 | D9: ='47'!E13 -> 251 | E9: ='47'!D13 -> 37 | F9: ='47'!K13 -> 135 | G9: ='47'!M13 -> 146 | H9: 16 | I9: 14 | J9: 0.046 | K9: 0.102 | L9: 0.057 | M9: 0.024 | N9: 1.196
B10: 2021 | C10: ='47'!C14 -> 334 | D10: ='47'!E14 -> 271 | E10: ='47'!D14 -> 51 | F10: ='47'!K14 -> 149 | G10: ='47'!M14 -> 164 | H10: 19 | I10: 17 | J10: 0.054 | K10: 0.11 | L10: 0.053 | M10: 0.033 | N10: 1.129
B11: 2022 | C11: ='47'!C15 -> 375 | D11: ='47'!E15 -> 314 | E11: ='47'!D15 -> 48 | F11: ='47'!K15 -> 166 | G11: ='47'!M15 -> 186 | H11: 23 | I11: 20 | J11: 0.055 | K11: 0.112 | L11: 0.051 | M11: 0.028 | N11: 1.071
B12: 2023 | C12: ='47'!C16 -> 366 | D12: ='47'!E16 -> 309 | E12: ='47'!D16 -> 45 | F12: ='47'!K16 -> 146 | G12: ='47'!M16 -> 199 | H12: 21 | I12: 16 | J12: 0.044 | K12: 0.084 | L12: 0.074 | M12: 0.037 | N12: 0.888
B13: 2024 | C13: ='47'!C17 -> 340 | D13: ='47'!E17 -> 273 | E13: ='47'!D17 -> 54 | F13: ='47'!K17 -> 121 | G13: ='47'!M17 -> 198 | H13: 14 | I13: 9 | J13: 0.026 | K13: 0.045 | L13: 0.061 | M13: 0.073 | N13: 0.9
D15: توزيع محفظة القروض/ التمويلات وفقاً للغاية Loans Portfolio by Purposes | F15: توزيع محفظة القروض/ التمويلات وفقاً لفئة العميل Loans Portfolio by Clients | I15: مؤشرات أخرى Others
D16: نسبة القروض الإنتاجية من المحفظة Productive loans to Total Loans | E16: نسبة القروض الاستهلاكية من المحفظة Consumption Loans to Total Loans | F16: نسبة قروض الأفراد من المحفظة Individuals Loans to Total Loans | G16: نسبة قروض المنشآت/الشركات متناهية الصغر من المحفظة Micro Enterprises Loans to Total Loans | H16: نسبة قروض المنشآت/الشركات الصغيرة من المحفظة Small Enterprises Loans to Total Loans | I16: عدد المقترضين (بالألف) Total Number of Borrowers (thousands) | J16: نسبة النساء من المقترضين Percentage of Female Borrowers | K16: متوسط رصيد القرض (بالدينار) Average Loan Balance (JOD) | L16: عدد العاملين (بالألف) Total Number of Staff (thousands)
C17: الفترة Period
C18: 2020 | D18: 0.605 | E18: 0.395 | F18: 0.874 | G18: 0.041 | H18: 0.085 | I18: 431 | J18: 0.823 | K18: 709 | L18: 3
C19: 2021 | D19: 0.666 | E19: 0.334 | F19: 0.853 | G19: 0.055 | H19: 0.092 | I19: 411 | J19: 0.813 | K19: 847 | L19: 3
C20: 2022 | D20: 0.699 | E20: 0.301 | F20: 0.826 | G20: 0.065 | H20: 0.109 | I20: 441 | J20: 0.795 | K20: 913 | L20: 3
C21: 2023 | D21: 0.64 | E21: 0.36 | F21: 0.821 | G21: 0.061 | H21: 0.118 | I21: 446 | J21: 0.773 | K21: 874 | L21: 3
C22: 2024 | D22: 0.587 | E22: 0.413 | F22: 0.804 | G22: 0.106 | H22: 0.09 | I22: 376 | J22: 0.752 | K22: 891 | L22: 3
F23: .

Sheet 46
B2: Financial Sector Statistics | E2: جدول (46) Table | N2: إحصاءات القطاع المالي
B3: 46 | C3: عدد فروع ومكاتب تسويق شركات التمويل الأصغر حسب المحافظات
C4: Numbers of Branches and Marketing Offices of Microfinance Companies by Governorate
C6: الفروع ومكاتب التسويق Branches and Marketing Offices
C7: المملكة Kingdom | D7: عمان Amman | E7: إربد Irbid | F7: الزرقاء Zarqa | G7: البلقاء Balqa | H7: المفرق Mafraq | I7: الكرك Karak | J7: الطفيلة Tafila | K7: معان Ma'an | L7: مادبا Madaba | M7: جرش Jerash | N7: عجلون Ajloun | O7: العقبة Aqaba
B8: الفترة Period
B9: 2018 | C9: =SUM(D9:O9) -> 201 | D9: 64 | E9: 33 | F9: 29 | G9: 16 | H9: 9 | I9: 15 | J9: 5 | K9: 5 | L9: 7 | M9: 6 | N9: 6 | O9: 6
B10: 2019 | C10: =SUM(D10:O10) -> 206 | D10: 64 | E10: 34 | F10: 30 | G10: 16 | H10: 10 | I10: 16 | J10: 5 | K10: 5 | L10: 7 | M10: 6 | N10: 7 | O10: 6
B11: 2020 | C11: =SUM(D11:O11) -> 206 | D11: 65 | E11: 33 | F11: 30 | G11: 16 | H11: 10 | I11: 16 | J11: 5 | K11: 5 | L11: 7 | M11: 6 | N11: 7 | O11: 6
B12: 2021 | C12: =SUM(D12:O12) -> 208 | D12: 64 | E12: 32 | F12: 31 | G12: 16 | H12: 11 | I12: 18 | J12: 5 | K12: 5 | L12: 7 | M12: 6 | N12: 7 | O12: 6
B13: 2022 | C13: =SUM(D13:O13) -> 210 | D13: 64 | E13: 33 | F13: 31 | G13: 17 | H13: 11 | I13: 18 | J13: 5 | K13: 5 | L13: 7 | M13: 6 | N13: 7 | O13: 6
B14: 2023 | C14: =SUM(D14:O14) -> 213 | D14: 66 | E14: 33 | F14: 30 | G14: 18 | H14: 12 | I14: 18 | J14: 4 | K14: 5 | L14: 7 | M14: 7 | N14: 6 | O14: 7
B15: *2024 | C15: =SUM(D15:O15) -> 192 | D15: 59 | E15: 29 | F15: 27 | G15: 16 | H15: 11 | I15: 17 | J15: 4 | K15: 5 | L15: 6 | M15: 6 | N15: 6 | O15: 6
B17: *:بلغ عدد شركات التمويل الأصغر 7 شركات وذلك بعد استثناء شركة فينكا (لاشهار اعسارها) وشركة اثمار (للتصفية) . | I17: *:Total Number of Microfinance Companies is 7 companies.

Sheet 47
B2: Financial Sector Statistics | E2: جدول (47) Table | R2: إحصاءات القطاع المالي
B3: 47 | C3: الميزانية الموحدة لشركات التمويل الأصغر المرخصة | S3: مليون دينار JD Million
C4: Balance Sheet for Microfinance Companies
C6: إجمالي الموجودات Total Assets | J6: إجمالي المطلوبات Total liabilities | M6: إجمالي حقوق الملكية Total Equity | S6: إجمالي المطلوبات وحقوق الملكية
D7: نقد في الصندوق لدى البنوك | E7: إجمالي محفظة القروض/ التمويلات | F7: الخسائر الائتمانية المتوقعة | G7: الاستثمارات في الأدوات المالية | H7: الموجودات الثابتة وغير الملموسة | I7: أخرى | K7: قروض دائنة | L7: أخرى | N7: رأس المال المدفوع | O7: الأرباح المدورة | P7: الاحتياطي الإجباري | Q7: الاحتياطيات الأخرى | R7: أخرى
D9: Cash and balances with banks | E9: Gross Loan Portfolio | F9: Expected Credit losses | G9: Investments in Financial Instruments | H9: Fixed and Intangible Assets | I9: Others | K9: Loans | L9: Others | N9: Paid in Capital | O9: Retained Earnings | P9: Mandatory Reserve | Q9: Other Reserves | R9: Others | S9: Total Liabilities and Equity
B10: الفترة Period
B11: 2018
B12: 2019
B13: 2020 | C13: =SUM(D13:I13) -> 300 | D13: 37 | E13: ='48'!L10 -> 251 | F13: -17 | G13: 2 | H13: 12 | I13: 15 | J13: =SUM(K13:L13) -> 154 | K13: 135 | L13: 19 | M13: =SUM(N13:R13) -> 146 | N13: 32 | O13: 103 | P13: 8 | Q13: 1 | R13: 2 | S13: =M13+J13 -> 300
B14: 2021 | C14: =SUM(D14:I14) -> 334 | D14: 51 | E14: ='48'!L11 -> 271 | F14: -16 | G14: 2 | H14: 10 | I14: 16 | J14: =SUM(K14:L14) -> 170 | K14: 149 | L14: 21 | M14: =SUM(N14:R14) -> 164 | N14: 32 | O14: 120 | P14: 9 | Q14: 1 | R14: 2 | S14: =M14+J14 -> 334
B15: 2022 | C15: =SUM(D15:I15) -> 375 | D15: 48 | E15: ='48'!L12 -> 314 | F15: -17 | G15: 2 | H15: 9 | I15: 19 | J15: =SUM(K15:L15) -> 189 | K15: 166 | L15: 23 | M15: =SUM(N15:R15) -> 186 | N15: 30 | O15: 141 | P15: 10 | Q15: 1 | R15: 4 | S15: =M15+J15 -> 375
B16: 2023 | C16: =SUM(D16:I16) -> 366 | D16: 45 | E16: ='48'!L13 -> 309 | F16: -20 | G16: 2 | H16: 10 | I16: 20 | J16: =SUM(K16:L16) -> 167 | K16: 146 | L16: 21 | M16: =SUM(N16:R16) -> 199 | N16: 32 | O16: 150 | P16: 10 | Q16: -1 | R16: 8 | S16: =M16+J16 -> 366
B17: 2024 | C17: =SUM(D17:I17) -> 340 | D17: 54 | E17: ='48'!L14 -> 273 | F17: -15 | G17: 2 | H17: 12 | I17: 14 | J17: =SUM(K17:L17) -> 142 | K17: 121 | L17: 21 | M17: =SUM(N17:R17) -> 198 | N17: 30 | O17: 152 | P17: 9 | Q17: -1 | R17: 8 | S17: =M17+J17 -> 340
R18: ,

Sheet 48
B2: Financial Sector Statistics | D2: جدول (48) Table | K2: إحصاءات القطاع المالي
C3: التوزيع القطاعي لمحفظة قروض/ تمويلات قطاع التمويل الأصغر
C4: Sectorial Distribution of Loan Portfolio for Microfinance Sector | L4: مليون دينار JD Million
C6: تجارة Trade | D6: صناعة Manufacturing | E6: زراعة Agriculture | F6: تعليم Education | G6: صحة Health | H6: صيانة منزل Property maintenance | I6: شراء أصول خاصة بالمنزل Property asset Purchasing | J6: شراء وصيانة وترخيص مركبات Cars Purchase and Maintanance | K6: أخرى Others | L6: المجموع Total
B7: الفترة Period
B8: 2018 | C8: 128.7 | D8: 6.8 | E8: 4.5 | F8: 5.1 | G8: 2.7 | H8: 74.3 | I8: 5.5 | J8: 2.6 | K8: 27.1 | L8: =SUM(C8:K8) -> 257.3
B9: 2019 | C9: 126.4 | D9: 6.9 | E9: 4.7 | F9: 5.1 | G9: 3 | H9: 57.3 | I9: 15 | J9: 3.3 | K9: 39.1 | L9: =SUM(C9:K9) -> 260.8
B10: 2020 | C10: 121 | D10: 7 | E10: 5 | F10: 6 | G10: 3 | H10: 72 | I10: 12 | J10: 3 | K10: 22 | L10: =SUM(C10:K10) -> 251
B11: 2021 | C11: 147 | D11: 10 | E11: 4 | F11: 6 | G11: 3 | H11: 64 | I11: 12 | J11: 3 | K11: 22 | L11: =SUM(C11:K11) -> 271
B12: 2022 | C12: 176 | D12: 14 | E12: 5 | F12: 7 | G12: 5 | H12: 48 | I12: 16 | J12: 5 | K12: 38 | L12: =SUM(C12:K12) -> 314
B13: 2023 | C13: 147 | D13: 14 | E13: 5 | F13: 7 | G13: 5 | H13: 61 | I13: 12 | J13: 6 | K13: 52 | L13: =SUM(C13:K13) -> 309
B14: 2024 | C14: 119 | D14: 12 | E14: 3 | F14: 7 | G14: 4 | H14: 57 | I14: 17 | J14: 5 | K14: 49 | L14: =SUM(C14:K14) -> 273
